 Dungeon Crawl Stone Soup version 0.24.0-125-gc4c63601f3 (webtiles) character file.

Game seed: 3860255267409381160, levelgen mode: deterministic

7144 BuffBuff the Cleaver (level 10, -10/92 HPs)
             Began as a Minotaur Berserker on Mar 20, 2020.
             Was the Champion of Trog.
             Killed from afar by an electric eel (11 damage)
             ... with a bolt of electricity
             ... on level 9 of the Dungeon.
             The game lasted 00:22:32 (7311 turns).

BuffBuff the Cleaver (Minotaur Berserker)           Turns: 7311, Time: 00:22:33

Health: -10/92     AC: 15    Str: 29    XL:     10   Next: 85%
Magic:  3/3        EV: 14    Int:  4    God:    Trog [******]
Gold:   350        SH:  0    Dex: 11    Spells: 9/9 levels left

rFire    + . .     SeeInvis +   a - +3 battleaxe (antimagic)
rCold    . . .     Gourm    .   (shield currently unavailable)
rNeg     . . .     Faith    .   y - +5 scale mail "Yreemiyt" {Str+3 Dex-4 SInv}
rPois    .         Spirit   .   (helmet restricted)
rElec    .         Reflect  .   r - +1 cloak "Ubruneyr" {MR+ Dex+6}
rCorr    .         Harm     .   (no gloves)
MR       +....                  (no boots)
Stlth    ..........             (no amulet)
HPRegen  0.25/turn              h - ring of protection from fire
MPRegen  0.08/turn              (no ring)

@: drained
A: retaliatory headbutt, horns 2
a: Berserk, Trog's Hand, Brothers in Arms, Renounce Religion


You were on level 9 of the Dungeon.
You worshipped Trog.
Trog was exalted by your worship.
You were not hungry.

You visited 1 branch of the dungeon, and saw 8 of its levels.
You also visited: Ossuary.

You collected 350 gold pieces.

Inventory:

Hand Weapons
 a - a +3 antimagic battleaxe (weapon)
 x - a +4 scimitar of flaming
Missiles
 s - 7 curare-tipped darts (quivered)
Armour
 i - a +1 plate armour
 r - the +1 cloak "Ubruneyr" (worn) {MR+ Dex+6}
   (You found it in an ossuary)

   It affects your dexterity (+6).
   It affects your resistance to hostile enchantments.
 y - the +5 scale mail "Yreemiyt" (worn) {Str+3 Dex-4 SInv}
   (You found it on level 8 of the Dungeon)

   It affects your strength (+3).
   It affects your dexterity (-4).
   It lets you see invisible.
Jewellery
 h - a ring of protection from fire (left hand)
Wands
 e - a wand of paralysis (7)
Scrolls
 f - 4 scrolls of remove curse
 l - a scroll of fog
 n - 2 scrolls of enchant armour
 o - 6 scrolls of teleportation
 v - a scroll of identify
Potions
 d - 2 potions of heal wounds {unknown}
 g - 3 potions of might {unknown}
 j - 3 potions of haste
 m - 3 potions of curing
 p - 2 potions of cancellation
 q - a potion of flight {unknown}
 t - a potion of lignification {unknown}
 u - a potion of invisibility {unknown}
Comestibles
 b - 8 chunks of flesh
 c - 16 rations


   Skills:
 + Level 9.6(8.7) Fighting
 * Level 12.8(11.8) Axes
 + Level 9.3(8.4) Armour
 + Level 8.5(7.7) Dodging


You had 9 spell levels left.
You didn't know any spells.
Your spell library was empty.

Dungeon Overview and Level Annotations

Branches:
Dungeon (9/15)             Temple (0/1) D:6         Ossuary (visited)
   Lair: D:8-11         Orc: D:9-12

Altars:
Yredelemnul

Shops:
D:8 [


Innate Abilities, Weirdness & Mutations

You reflexively headbutt those who attack you in melee.
You have a pair of horns on your head.


Message History

You closely miss the wight. You miss the electric eel.
The wight hits you with a +2 morningstar of protection.
* * * LOW HITPOINT WARNING * * *
You feel drained.
The electric eel shoots out a bolt of lightning at you!
The bolt of electricity hits you.
* * * LOW HITPOINT WARNING * * *
You closely miss the electric eel.
The electric eel is almost dead.
You hit the wight but do no damage. You hit the wight.
You barely miss the electric eel.
The electric eel shoots out a bolt of lightning at you!
The bolt of electricity hits you!
* * * LOW HITPOINT WARNING * * *
The wight completely misses you. The wight hits you with a +0 hand axe.
* * * LOW HITPOINT WARNING * * *
You feel drained.
The electric eel shoots out a bolt of lightning at you!
The bolt of electricity hits you!
You die...

#.. #..######. #.
#..# #.........
#.. #..#
#.........
#..####..#
#..####..#
.........######..#
#..#
.................#
#..#
...P.............#
#..#
......zz.....##..#
#..#
.....≈)@.P...##..#
#..#
...P≈≈;;....###<.#
..≈≈≈≈≈≈..P.# #..#
..≈≈≈≈≈≈≈........#
.≈.≈≈≈≈≈≈....#####
...≈≈≈≈≈≈....#
.P...≈≈≈≈≈...#
......≈≈≈≈...#
......≈≈≈P...#


You could see 2 electric eels and 2 wights.

Vanquished Creatures
  Erica (D:8)
  A two-headed ogre (D:8)
  Prince Ribbit (D:6)
  A hippogriff (D:8)
  Sigmund (D:3)
  4 yaks (D:9)
  Grum (D:8)
  2 steam dragons (D:7)
  A soldier ant (D:9)
  2 water moccasins
  4 orc warriors
  3 sky beasts
  A necrophage (D:9)
  2 centaurs (D:7)
  2 ice beasts
  2 phantoms
  5 ogres
  3 wolves (D:8)
  A crocodile (D:9)
  An elf zombie (Ossuary)
  3 bullfrogs
  A big kobold (D:8)
  2 wyvern skeletons (D:6)
  2 scorpions
  6 wights
  4 killer bees (D:9)
  A howler monkey (D:7)
  A crimson imp (D:9)
  A bullfrog zombie (D:7)
  A quasit (D:8)
  3 orc priests
  A hound (D:7)
  9 orc wizards
  A bullfrog skeleton (D:8)
  3 iguanas
  5 worker ants
  3 big kobold zombies (Ossuary)
  A hound skeleton (D:6)
  2 mummies (Ossuary)
  3 gnolls (D:7)
  7 adders
  2 adder skeletons
  4 adder zombies
  3 worms (D:2)
  5 dart slugs
  5 leopard geckos
  44 orcs
  5 bats
  5 giant cockroaches
  6 goblins
  6 hobgoblins
  9 jackals
  2 quokkas
  2 ball pythons
  6 frilled lizards
  A goblin zombie (Ossuary)
  7 hobgoblin zombies (Ossuary)
  A jackal skeleton (D:4)
  A jackal zombie (Ossuary)
  10 kobolds
  10 kobold zombies (Ossuary)
  12 orc zombies (Ossuary)
  2 quokka skeletons
  9 rats
  A spectral orc (D:3)
  A fungus (D:9)
  A plant (D:8)
259 creatures vanquished.

Vanquished Creatures (others)
  2 fungi (D:9)
2 creatures vanquished.

Grand Total: 261 creatures vanquished

Notes
Turn   | Place    | Note
-------+----------+-------------------------------------------
     0 | D:1      | BuffBuff the Minotaur Berserker began the quest for the
                  | Orb.
     0 | D:1      | Reached XP level 1. HP: 19/19 MP: 0/0
   315 | D:1      | Reached XP level 2. HP: 27/27 MP: 1/1
   318 | D:1      | Reached skill level 4 in Axes
   653 | D:2      | Reached XP level 3. HP: 30/33 MP: 2/2
  1015 | D:2      | Reached ** piety under Trog
  1221 | D:2      | Reached XP level 4. HP: 35/40 MP: 3/3
  1401 | D:3      | Noticed an ogre
  1419 | D:3      | Killed an ogre
  1419 | D:3      | Reached skill level 5 in Axes
  1419 | D:3      | Reached XP level 5. HP: 16/47 MP: 4/4
  1888 | D:3      | HP: 2/47 [poisoned by an orc]
  2270 | D:3      | Noticed Sigmund
  2301 | D:3      | Killed Sigmund
  2301 | D:3      | Reached skill level 5 in Fighting
  2301 | D:3      | Reached skill level 6 in Axes
  2301 | D:3      | Reached XP level 6. HP: 19/56 MP: 5/5
  2592 | D:3      | Found a basalt altar of Yredelemnul.
  2656 | D:3      | Reached *** piety under Trog
  3012 | D:4      | Reached XP level 7. HP: 61/61 MP: 6/6
  3308 | D:4      | Reached skill level 7 in Axes
  3700 | D:4      | Reached skill level 5 in Armour
  3735 | D:4      | You fall into a shaft and drop 2 floors!
  3934 | D:6      | Reached XP level 8. HP: 31/70 MP: 7/7
  3937 | D:6      | Reached skill level 5 in Dodging
  3944 | D:6      | Reached skill level 8 in Axes
  3945 | D:6      | Reached **** piety under Trog
  4179 | D:6      | Found a sand-covered staircase.
  4183 | Ossuary  | Entered an ossuary
  4311 | Ossuary  | Received a gift from Trog
  4458 | Ossuary  | Got a dazzling cloak
  4463 | Ossuary  | Identified the +1 cloak "Ubruneyr" {MR+ Dex+6} (You found
                  | it in an ossuary)
  4514 | D:6      | Found a staircase to the Ecumenical Temple.
  4523 | D:6      | Noticed Prince Ribbit
  4854 | D:6      | Reached skill level 9 in Axes
  5112 | D:6      | Killed Prince Ribbit
  5112 | D:6      | Reached XP level 9. HP: 75/79 MP: 8/8
  5337 | D:7      | Reached ***** piety under Trog
  5379 | D:7      | Reached skill level 10 in Axes
  5965 | D:8      | Found Touxeafa's Antique Armour Shoppe.
  6052 | D:8      | Reached skill level 11 in Axes
  6053 | D:8      | Noticed Erica
  6056 | D:8      | Noticed Grum
  6065 | D:8      | Killed Erica
  6065 | D:8      | Reached XP level 10. HP: 71/90 MP: 9/9
  6068 | D:8      | Killed Grum
  6212 | D:8      | Got an ancient scale mail
  6222 | D:8      | Identified the +5 scale mail "Yreemiyt" {Str+3 Dex-4 SInv}
                  | (You found it on level 8 of the Dungeon)
  6377 | D:8      | Noticed a two-headed ogre
  6385 | D:8      | Killed a two-headed ogre
  6625 | D:9      | Reached skill level 12 in Axes
  7256 | D:9      | Reached ****** piety under Trog
  7256 | D:9      | Received a gift from Trog
  7311 | D:9      | HP: 4/92 [electric eel/bolt of electricity (9)]
  7311 | D:9      | HP: 1/92 [wight/+0 hand axe (3)]
  7311 | D:9      | Killed from afar by an electric eel

Levels and vault maps discovered:
D:1:      minmay_arrival_semitransparent, layout_basic, hex_medium
D:2:      layout_loops_cross, first_ration
D:3:      layout_rooms, yredelemnul_forgotten_temple_becter, uniq_sigmund
D:4:      layout_basic
D:6:      layout_basic, minmay_temple_entry_waves, enter_ossuary_5,
          minivault_25, uniq_prince_ribbit1
D:7:      cheibrodos_steamvent, layout_cave_pools
D:8:      layout_loops_ring, serial_shops, nicolae_shop_overgrown_old_shop,
          uniq_grum, uniq_erica
D:9:      layout_small_grid, dpeg_oklobed_lair, hiddenorc1_lemuel, the_bakery,
          fungi_pond_lemuel

Skill      XL: |  1  2  3  4  5  6  7  8  9 10 |
---------------+-------------------------------+-----
Axes           | 4 5 6 7 9 11 12 | 12.8
Fighting       | 4 5 6 7 8 9 |  9.6
Armour         | 3 4 5 6 8 9 |  9.3
Dodging        | 3 4 6 7 8 |  8.5

Action                   |  1- 3 |  4- 6 |  7- 9 | 10-12 || total
-------------------------+-------+-------+-------+-------++-------
Melee: Hand axe          |    92 |   111 |   268 |       ||   471
       Headbutt          |    17 |    18 |   100 |    39 ||   174
       Mace              |       |       |    62 |       ||    62
       War axe           |       |       |    46 |   121 ||   167
       Battleaxe         |       |       |       |     8 ||     8
Invok: Berserk           |       |     2 |     5 |     1 ||     8
  Use: Potion            |       |     1 |       |       ||     1
       Scroll            |       |       |     8 |     1 ||     9
  Eat: Chunk             |     1 |     7 |    11 |     6 ||    25
       Ration            |       |       |     1 |       ||     1
Armor: Ring mail         |    13 |       |       |       ||    13
       Animal skin       |     1 |       |       |       ||     1
       Plate armour      |    43 |    68 |   185 |     5 ||   301
       Scale mail        |       |       |       |    40 ||    40
Dodge: Dodged            |    47 |    48 |   157 |    96 ||   348
